 Dungeon Crawl Stone Soup version 0.24.0-37-gcf1ca852f1 (webtiles) character file.

Game seed: 2111747968046849884, levelgen mode: deterministic

15967 Curus the Cruncher (level 12, 0/73 HPs)
             Began as a Gargoyle Gladiator on Dec 2, 2019.
             Was the Champion of Okawaru.
             Slain by a wolf (6 damage)
             ... on level 2 of the Lair of Beasts.
             The game lasted 00:51:46 (10402 turns).

Curus the Cruncher (Gargoyle Gladiator)            Turns: 10402, Time: 00:51:47

Health: 0/73       AC: 31    Str: 25    XL:     12   Next: 32%
Magic:  17/17      EV:  8    Int:  7    God:    Okawaru [******]
Gold:   109        SH:  0    Dex: 15    Spells: 11/11 levels left

rFire    . . .     SeeInvis +   n - +5 quarterstaff (venom)
rCold    . . .     Gourm    .   (shield currently unavailable)
rNeg     + + .     Faith    .   D - +2 plate armour {rPois}
rPois    ∞         Spirit   .   z - +2 helmet {SInv}
rElec    +         Reflect  .   (no cloak)
rCorr    .         Harm     .   g - +0 pair of gloves
MR       .....                  (no boots)
Stlth    ..........             (no amulet)
HPRegen  0.22/turn              p - +6 ring of strength
MPRegen  0.15/turn              H - ring of positive energy

@: no status effects
A: talons 1, thin metallic scales 1, dopey 1, negative energy resistance 1,
electricity resistance, unbreathing, petrification resistance, rot immunity, AC
+8
a: Heroism, Finesse, Renounce Religion


You were on level 2 of the Lair of Beasts.
You worshipped Okawaru.
Okawaru was exalted by your worship.
You were not hungry.

You visited 2 branches of the dungeon, and saw 12 of its levels.

You collected 655 gold pieces.
You spent 546 gold pieces at shops.

Inventory:

Hand Weapons
 a - a +0 quarterstaff
 n - a +5 quarterstaff of venom (weapon)
 B - a +1 quarterstaff of holy wrath
Missiles
 d - 4 throwing nets (quivered)
Armour
 b - a +0 leather armour
 c - a +0 helmet
 e - a +0 scale mail
 g - a +0 pair of gloves (worn)
 k - a +0 chain mail
 x - a +0 plate armour
 z - a +2 helmet of see invisible (worn)
 D - a +2 plate armour of poison resistance (worn)
 G - the cursed +0 chain mail "Oneruc Biesi" {+Fly rElec MP-9 Str+4}
   (You found it on level 1 of the Lair of Beasts)

   It affects your strength (+4).
   It insulates you from electricity.
   It affects your magic capacity (-9).
   It lets you fly.
   It has a curse placed upon it.
 I - the +0 robe of Okawaru's Outrage {Int+3, unknown}
   (Okawaru gifted it to you on level 1 of the Lair of Beasts)

   It affects your intelligence (+3).
 K - a cursed -1 chain mail
Jewellery
 p - a +6 ring of strength (left hand)
 q - an uncursed ring of poison resistance
 u - an uncursed ring of magical power
 H - a ring of positive energy (right hand)
Wands
 m - a wand of random effects (85)
 o - a wand of acid (13)
 s - a wand of scattershot (7)
 v - a wand of iceblast (22)
 A - a wand of flame (19)
Scrolls
 j - 2 scrolls of fear
 l - a scroll of fog
 r - 4 scrolls of amnesia
 t - 5 scrolls of identify
 y - 7 scrolls of teleportation
 C - a scroll of blinking
 E - a scroll of remove curse
Potions
 h - a potion of flight
 i - 6 potions of curing
 w - 2 potions of invisibility
 F - 2 potions of brilliance
 J - a potion of haste
Comestibles
 f - 16 rations


   Skills:
 + Level 8.1 Fighting
 - Level 14.0 Staves
 - Level 1.7 Throwing
 + Level 7.7 Armour
 - Level 2.4 Dodging
 - Level 7.2 Invocations
 - Level 6.0 Evocations


You had 11 spell levels left.
You didn't know any spells.
Your spell library contained the following spells:

 Spells                   Type           Power        Failure   Level  Hunger
 Animate Skeleton         Necr           N/A          99%         1    ##.....
 Pain                     Necr           #...         99%         1    ##.....
 Regeneration             Chrm/Necr      #.........   100%        3    ####...
 Vampiric Draining        Necr           #.........   100%        3    ####...
 Animate Dead             Necr           N/A          100%        4    #####..


Dungeon Overview and Level Annotations

Branches:
Dungeon (9/15)             Temple (0/1) D:5            Lair (3/6) D:9
  Swamp: Lair:2-4    Shoals: Lair:2-4     Snake: Lair:2-4    Spider: Lair:2-4
    Orc: D:9-12

Altars:
Fedhas
Hepliaklqana
Kikubaaqudgha
Nemelex Xobeh
Okawaru
Qazlal
Trog
Vehumet
Yredelemnul
Zin

Shops:
D:4 [


Innate Abilities, Weirdness & Mutations

You are resistant to torment.
Your stone body is resilient. (AC +8)
You are immune to poison.
You resist negative energy. (rN+)
You are resistant to electric shocks. (rElec)
You can survive without breathing.
You are immune to petrification.
You are immune to rotting.
You have sharp toenails.
You are partially covered in thin metallic scales. (AC +2)
You are dopey. (Int -2)


Message History

You kill the wolf!
Okawaru accepts your kill.
The porcupine bites you but does no damage.
The yak misses you.
The wolf bites you but does no damage. x2
You hit the wolf.
The wolf is poisoned.
You claw the wolf.
The wolf is moderately wounded.
The porcupine barely misses you. The wolf barely misses you.
The wolf bites you but does no damage. The yak barely misses you.
You sock the wolf!
The wolf looks as sick as possible!
Your kick misses the wolf.
The wolf is severely wounded.
The wolf bites you but does no damage. The porcupine bites you.
* * * LOW HITPOINT WARNING * * *
The wolf bites you but does no damage.
You closely miss the wolf.
The wolf is severely wounded.
The yak gores you but does no damage. The wolf bites you.
* * * LOW HITPOINT WARNING * * *
The wolf bites you.
You die...

....>.....###...........# #......
...........#............####.....
.........##..............# ##..##
.........................####.#.#
............<..............######
..........#................##
........#P##................# ##
........###..?.Y............## #(
.......#####...r@............####
....÷..# #.P...h.h............##.
##..##.# #.P....................#
#...#### ###................#....
##..# ###...............####..
##..# #.........###.#.### ##.
#...# ###...[....###### #[ ##..#
#.......##.# ##. #..#
##.......### ##..


You could see a yak, 2 wolves and a porcupine.

Vanquished Creatures
  A hydra (Lair:2)
  A two-headed ogre (D:9)
  A centaur warrior (D:9)
  An ugly thing (D:9)
  4 elephants (Lair:2)
  Joseph (D:7)
  A spiny frog (Lair:2)
  2 komodo dragons
  A hornet (D:9)
  A troll (D:8)
  Prince Ribbit (D:7)
  2 hippogriffs
  25 yaks
  A wyvern (D:9)
  A basilisk (Lair:2)
  A hungry ghost (D:9)
  3 wargs (D:9)
  2 water moccasins (Lair:2)
  3 porcupines
  2 necrophages
  2 orc warriors
  2 black bears
  A hornet zombie (D:5)
  A phantom (D:5)
  2 sky beasts (D:5)
  An ogre (D:6)
  13 wolves
  A centaur (D:6)
  7 crocodiles
  4 bullfrogs
  A water moccasin zombie (D:9)
  3 scorpions
  A water moccasin skeleton (D:9)
  8 killer bees (D:8)
  3 howler monkeys
  5 crimson imps
  A centaur zombie (D:7)
  3 hounds (D:4)
  5 jellies
  A bullfrog zombie (D:8)
  9 orc priests
  Crazy Yiuf (D:2)
  A centaur skeleton (D:4)
  6 orc wizards
  A bullfrog skeleton (D:9)
  3 iguanas
  Ijyb (D:3)
  Terence (D:2)
  6 worker ants
  Robin (D:2)
  7 gnolls
  17 adders
  A shadow imp (D:5)
  6 oozes
  An adder zombie (D:6)
  3 worms
  4 dart slugs
  3 leopard geckos
  35 orcs
  3 ball pythons
  9 bats
  7 giant cockroaches
  2 gnoll zombies (D:5)
  12 goblins
  7 hobgoblins
  5 jackals
  12 kobolds
  4 quokkas
  2 frilled lizards (D:2)
  A leopard gecko zombie (D:3)
  A quokka zombie (D:8)
  19 rats
311 creatures vanquished.

Vanquished Creatures (others)
  A hobgoblin (D:3)
  A fungus (Lair:2)
  A plant (Lair:2)
3 creatures vanquished.

Grand Total: 314 creatures vanquished

Notes
Turn   | Place    | Note
-------+----------+-------------------------------------------
     0 | D:1      | Curus the Gargoyle Gladiator began the quest for the Orb.
     0 | D:1      | Reached XP level 1. HP: 12/12 MP: 1/1
    39 | D:1      | Reached XP level 2. HP: 8/17 MP: 2/2
   423 | D:1      | Reached skill level 4 in Staves
   573 | D:1      | Reached XP level 3. HP: 16/21 MP: 3/3
  1004 | D:2      | Reached XP level 4. HP: 25/26 MP: 4/4
  1119 | D:2      | Found a bloodstained altar of Trog.
  1130 | D:2      | Reached skill level 5 in Staves
  1132 | D:2      | Found an iron altar of Okawaru.
  1192 | D:2      | Became a worshipper of Warmaster Okawaru
  1207 | D:2      | Found a runed translucent door.
  1208 | D:2      | Noticed Crazy Yiuf
  1227 | D:2      | Noticed Terence
  1233 | D:2      | Killed Terence
  1280 | D:2      | Noticed Robin
  1292 | D:2      | Killed Robin
  1292 | D:2      | Reached XP level 5. HP: 30/30 MP: 5/5
  1358 | D:2      | Reached skill level 6 in Staves
  1949 | D:2      | Killed Crazy Yiuf
  2118 | D:3      | Found a radiant altar of Vehumet.
  2191 | D:3      | Noticed Ijyb
  2198 | D:3      | Killed Ijyb
  2198 | D:3      | Reached XP level 6. HP: 4/35 MP: 6/6
  2583 | D:3      | Found a hazy altar of Hepliaklqana.
  2641 | D:3      | Reached skill level 7 in Staves
  3046 | D:4      | Found Soliuhom's Antique Armour Shop.
  3098 | D:4      | Reached XP level 7. HP: 21/40 MP: 7/7
  3322 | D:4      | Found an iron altar of Okawaru.
  3358 | D:4      | Reached * piety under Okawaru
  3358 | D:4      | Reached skill level 8 in Staves
  4040 | D:4      | Reached skill level 9 in Staves
  4197 | D:5      | Entered Level 5 of the Dungeon
  4218 | D:5      | Reached XP level 8. HP: 41/44 MP: 8/8
  4270 | D:5      | Reached ** piety under Okawaru
  4361 | D:5      | Found a glowing silver altar of Zin.
  4378 | D:5      | Reached skill level 10 in Staves
  4636 | D:5      | Found a basalt altar of Yredelemnul.
  4849 | D:5      | Found a staircase to the Ecumenical Temple.
  5332 | D:6      | Reached skill level 11 in Staves
  5366 | D:6      | Reached *** piety under Okawaru
  5366 | D:6      | Reached XP level 9. HP: 13/48 MP: 9/9
  5972 | D:7      | Noticed Prince Ribbit
  5983 | D:7      | Received a gift from Okawaru
  5984 | D:7      | Killed Prince Ribbit
  5984 | D:7      | Reached skill level 12 in Staves
  6005 | D:7      | Found a sparkling altar of Nemelex Xobeh.
  6178 | D:7      | Found a stormy altar of Qazlal.
  6220 | D:7      | Noticed Joseph
  6238 | D:7      | Killed Joseph
  6238 | D:7      | Reached **** piety under Okawaru
  6238 | D:7      | Reached skill level 13 in Staves
  6429 | D:7      | Reached XP level 10. HP: 16/53 MP: 10/10
  6692 | D:8      | Reached skill level 14 in Staves
  6694 | D:8      | Reached skill level 1 in Armour
  6753 | D:8      | Gained mutation: You have sharp toenails. [potion of
                  | mutation]
  6753 | D:8      | Gained mutation: You are dopey. (Int -2) [potion of
                  | mutation]
  6753 | D:8      | Gained mutation: You are partially covered in thin metallic
                  | scales. (AC +2) [potion of mutation]
  7041 | D:8      | Found an ancient bone altar of Kikubaaqudgha.
  7129 | D:9      | Reached ***** piety under Okawaru
  7131 | D:9      | Noticed a centaur warrior
  7132 | D:9      | Noticed a red ugly thing
  7145 | D:9      | Killed a centaur warrior
  7145 | D:9      | Reached skill level 5 in Fighting
  7201 | D:9      | Killed a red ugly thing
  7201 | D:9      | Reached skill level 5 in Armour
  7228 | D:9      | Noticed a two-headed ogre
  7234 | D:9      | Killed a two-headed ogre
  7234 | D:9      | Received a gift from Okawaru
  7234 | D:9      | Reached XP level 11. HP: 43/66 MP: 11/11
  7268 | D:9      | Found a blossoming altar of Fedhas.
  7714 | D:9      | Reached ****** piety under Okawaru
  7833 | D:4      | Bought a runed plate armour for 546 gold pieces
  8449 | D:9      | Found a staircase to the Lair.
  8475 | Lair:1   | Entered Level 1 of the Lair of Beasts
  8502 | Lair:1   | Reached skill level 1 in Invocations
  8515 | Lair:1   | Got a dazzling chain mail
  8520 | Lair:1   | Reached skill level 1 in Evocations
  8732 | Lair:1   | Received a gift from Okawaru
  8733 | Lair:1   | Got a fabulously ornate robe {god gift}
  9072 | Lair:1   | Identified the cursed +0 chain mail "Oneruc Biesi" {+Fly
                  | rElec MP-9 Str+4} (You found it on level 1 of the Lair of
                  | Beasts)
  9427 | Lair:2   | Reached skill level 5 in Invocations
  9503 | Lair:2   | Noticed a seven-headed hydra
  9509 | Lair:2   | Killed a seven-headed hydra
  9897 | Lair:2   | Reached skill level 5 in Evocations
  9897 | Lair:2   | Reached XP level 12. HP: 64/73 MP: 16/16
 10402 | Lair:2   | Slain by a wolf

Levels and vault maps discovered:
D:1:      mrwooster_arrival_statue_2, layout_basic,
          hangedman_abyss_or_decor_stabs, minmay_misc_feat_pillars
D:2:      layout_loops_ring, grunt_temple_overflow_open, first_ration,
          grunt_decor_fettered, uniq_terence, uniq_robin,
          uniq_crazy_yiuf_cottage
D:3:      layout_basic, old_standard_altar, lemuel_round_altar,
          kennysheep_cluttered_room, minmay_statues_item, uniq_ijyb
D:4:      black_bear_nest_2, layout_basic, serial_shops, shop,
          chequers_serial_rivers_room_a, okawaru_gym_becter
D:5:      layout_gridville, lemuel_zombie_altar_yredelemnul, lemuel_round_altar,
          minmay_temple_entry_purple_smoke, mumra_transporter_accident,
          lemuel_statue_altar
D:6:      layout_rooms, kennysheep_generic_room_10
D:7:      layout_rooms, nicolae_qazlal_eye_of_the_storm,
          nemelex_xobeh_ov_fountains_minmay, uniq_joseph, uniq_prince_ribbit1
D:8:      layout_cave_pools, kiku_gazebo_pond_becter, minivault_24
D:9:      minmay_chambers_of_sixes, layout_loops_corners, minitemple,
          old_standard_altar, erik_lair_orcish_takeover,
          hangedman_little_slice_of_home
Lair:1:   layout_hall_layers, st_stairs_11
Lair:2:   layout_cave_pods
Lair:3:   layout_chaotic_city, minmay_shoals_entry_centaurs, dummy_snake_entry,
          ebering_ghost_inner_flame, lemuel_fruit_tree

Skill      XL: |  1  2  3  4  5  6  7  8  9 10 11 12 |
---------------+-------------------------------------+-----
Staves         | 4 5 6 7 9 11 13 14 | 14.0
Armour         | 6 7 |  7.7
Fighting       | 6 7 8 |  8.1
Invocations    | 6 7 |  7.2
Evocations     | 5 6 |  6.0
Throwing       | |  1.7
Dodging        | |  2.4

Action                   |  1- 3 |  4- 6 |  7- 9 | 10-12 || total
-------------------------+-------+-------+-------+-------++-------
Melee: Quarterstaff      |   114 |   196 |   252 |   466 ||  1028
       Kick              |       |       |       |   164 ||   164
Throw: Throwing net      |       |     1 |       |       ||     1
Evoke: Wand              |       |       |       |     4 ||     4
  Use: Scroll            |     8 |       |     6 |     5 ||    19
       Potion            |     2 |     5 |     3 |     3 ||    13
 Stab: Invisible         |       |     2 |       |       ||     2
  Eat: Chunk             |       |     7 |    10 |    15 ||    32
Armor: Leather armour    |    41 |       |       |       ||    41
       Scale mail        |    10 |    23 |       |       ||    33
       Chain mail        |       |    84 |    91 |       ||   175
       Skin              |       |    10 |       |       ||    10
       Plate armour      |       |       |    52 |   380 ||   432
Dodge: Dodged            |    89 |    53 |    83 |   173 ||   398
